 Dungeon Crawl Stone Soup version 0.26-b1-32-g5d43845318 (webtiles) character file.

Game seed: 16646057053901574870

2186 salade2fruit the Covert (level 9, -9/91 HPs)
             Began as an Octopode Ice Elementalist on Jan 7, 2021.
             Was a Plaything of Xom.
             Mangled by a white ugly thing (26 damage)
             ... on level 6 of the Dungeon.
             The game lasted 00:22:32 (7682 turns).

salade2fruit the Covert (Octopode Ice Elementalist) Turns: 7682, Time: 00:22:33

Health: -9/91      AC: 32    Str: 13    XL:     9   Next: 33%
Magic:  16/17      EV:  2    Int: 21    God:    Xom [*.....]
Gold:   274        SH:  0    Dex: 12    Spells: 11/18 levels left

rFire    . . .     SeeInvis .   b - +3 dagger (elec)
rCold    . . .     Faith    .   (no shield)
rNeg     + + +     Spirit   .   (helmet currently unavailable)
rPois    +         Reflect  .   f - amulet of regeneration
rElec    .         Harm     .   k - +6 ring of strength
rCorr    +         Rampage  .   m - ring of poison resistance
Will     .....     NoTele   +   D - ring of resist corrosion
Stlth    ++++......             (no ring)
HPRegen  0.65/turn              (no ring)
MPRegen  0.15/turn              (no ring)
                                (no ring)
                                (no ring)

@: icy armour, tree-form
A: almost no armour, stealthy swim, (amphibious), 8 rings, (constrict 8)
a: Renounce Religion


You were on level 6 of the Dungeon.
You worshipped Xom.
You were a special plaything of Xom.
You were a tree.
You visited 2 branches of the dungeon, and saw 7 of its levels.
You also visited: Sewer.

You collected 364 gold pieces.
You spent 90 gold pieces at shops.

Inventory:

Hand Weapons
 a - a +1 hunting sling
 b - a +3 dagger of electrocution (weapon)
Missiles
 e - 21 poisoned darts
 o - 46 sling bullets
 s - 125 stones
Jewellery
 f - an amulet of regeneration (around neck)
 k - a +6 ring of strength (left branch)
 m - a ring of poison resistance (right branch)
 D - a ring of resist corrosion (on tentacle)
Wands
 q - a wand of paralysis (6)
 y - a wand of iceblast (11)
 B - a wand of enslavement (9)
 F - a wand of digging (6)
Scrolls
 h - a scroll of noise {unknown}
 i - a scroll of random uselessness
 r - 2 scrolls of blinking {unknown}
 u - 2 scrolls of remove curse
 v - 3 scrolls of enchant weapon
 w - a scroll of fear {unknown}
 x - a scroll of enchant armour
 z - a scroll of amnesia {unknown}
 A - 2 scrolls of magic mapping
 E - 2 scrolls of identify
Potions
 c - 3 potions of cancellation
 d - 3 potions of curing
 g - 2 potions of mutation {unknown}
 j - a potion of lignification
 l - 2 potions of berserk rage {unknown}
 p - 2 potions of flight {unknown}
 t - a potion of brilliance {unknown}
 C - a potion of ambrosia {unknown}


   Skills:
 + Level 5.1 Fighting
 + Level 4.4 Dodging
 + Level 9.1 Stealth
 - Level 5.4 Spellcasting
 - Level 6.9 Ice Magic


You had 11 spell levels left.
You knew the following spells:

 Your Spells              Type           Power        Failure   Level
a - Freeze                Ice            100%         1%          1
d - Ozocubu's Armour      Ice            34%          1%          3
r - Frozen Ramparts       Ice            68%          1%          3

Your spell library contained the following spells:

 Spells                   Type           Power        Failure   Level
 Hailstorm                Conj/Ice       20%          24%         4
 Summon Ice Beast         Ice/Summ       20%          24%         4


Dungeon Overview and Level Annotations

Branches:
Dungeon (6/15)             Temple (1/1) D:5           Sewer (visited)

Altars:
Ashenzari
Cheibriados
Dithmenos
Elyvilon
Fedhas
Gozag
Hepliaklqana
Kikubaaqudgha
Nemelex Xobeh
Okawaru
Qazlal
Ru
Trog
Uskayaw
Vehumet
Wu Jian
Xom
Zin
The Shining One

Annotations:
D:3 Sigmund
D:4 3 runed translucent doors, kuzco6543's ghost, novice HaHu


Innate Abilities, Weirdness & Mutations

You cannot wear most types of armour.
You are very stealthy in the water. (Stealth+)
((You are amphibious.))
You can wear up to eight rings at the same time.
((You can use your tentacles to constrict eight enemies at once.))
((Your skin changes colour to match your surroundings (Stealth+).))
((Your rubbery body absorbs attacks. (AC +1, EV +1)))


Message History

The white ugly thing resists.
The wall freezes the white ugly thing.
The white ugly thing claws you but does no damage.
You hit the white ugly thing.
Lightning courses through the white ugly thing!
The white ugly thing is almost dead.
The white ugly thing resists.
The wall freezes the white ugly thing.
The white ugly thing claws you but does no damage.
You miss the white ugly thing.
The white ugly thing is almost dead.
You hear Xom's avuncular chuckle.
The white ugly thing suddenly seems more agile.
The white ugly thing completely resists.
The wall freezes the white ugly thing but does no damage.
The white ugly thing claws you. The white ugly thing freezes you!!
* * * LOW HITPOINT WARNING * * *
You feel better.
The frozen ramparts melt away.
The white ugly thing claws you.
* * * LOW HITPOINT WARNING * * *
The white ugly thing freezes you!!
You die...
Xom cackles wildly!

#.# #....#≈##≈≈≈##=.$≈.#
#.###....#≈#;≈≈;≈#$P.≈≈#
##.##....#≈#$..≈(#.≈.P.#
##...#..#≈#.≈PP(#.....#
##.##..#≈#P..PP#
#.##..#.#.....# ..
#.##..#.# ###.( #.# #
#.##..#.## +##≈(≈..# #.#
# #.##..##≈####♣u≈# #<#
####.##..###≈≈≈..### #.#
..##.##..# ####### #.#
..##.##..#
.######.######
.........##
........<....#
..##.##.#.###..#
........####.#
.....##†......#
######..####.#
.#.####.#.#####
#####........ .#.# #.#.#
#...........#


You could see a white ugly thing (agile).

Vanquished Creatures
  Grinder (D:5)
  Eustachio (D:6)
  A water moccasin (Sewer)
  An orc warrior (D:6)
  A black bear (D:6)
  An ice beast (D:5)
  A sky beast (D:5)
  A phantom (D:5)
  An ogre (D:6)
  A centaur (D:5)
  4 scorpions
  A howler monkey (D:5)
  2 bullfrog zombies
  3 orc priests
  2 hounds (D:4)
  6 orc wizards
  A bullfrog skeleton (D:4)
  Jessica (D:3)
  An iguana (D:6)
  Terence (D:3)
  2 worker ants (D:4)
  Robin (D:4)
  6 gnolls
  12 adders
  2 white imps
  An ooze (D:1)
  2 adder skeletons
  A worm (D:4)
  5 dart slugs
  3 leopard geckos
  20 orcs
  9 giant cockroaches
  21 goblins
  10 hobgoblins
  24 jackals
  5 kobolds
  5 quokkas
  11 bats
  9 frilled lizards
  A leopard gecko skeleton (D:6)
  A quokka skeleton (D:5)
  5 rats
188 creatures vanquished.

Notes
Turn   | Place    | Note
-------+----------+-------------------------------------------
     0 | D:1      | salade2fruit the Octopode Ice Elementalist began the quest
                  | for the Orb.
     0 | D:1      | Reached XP level 1. HP: 11/11 MP: 3/3
   234 | D:1      | Reached skill level 3 in Stealth
   266 | D:1      | Reached XP level 2. HP: 13/17 MP: 5/5
   691 | D:1      | Reached XP level 3. HP: 21/21 MP: 4/6
   715 | D:1      | Learned a level 3 spell: Frozen Ramparts
  1558 | D:2      | Reached skill level 4 in Stealth
  1577 | D:2      | Reached XP level 4. HP: 14/27 MP: 5/8
  1780 | D:2      | Learned a level 3 spell: Ozocubu's Armour
  2179 | D:2      | Found an iron altar of Okawaru.
  2875 | D:3      | Noticed Jessica
  3075 | D:3      | Reached XP level 5. HP: 31/31 MP: 5/9
  3091 | D:3      | Noticed Terence
  3167 | D:3      | Killed Terence
  3168 | D:3      | Reached skill level 5 in Stealth
  3168 | D:3      | Reached skill level 5 in Ice Magic
  3227 | D:3      | Found a sparkling altar of Nemelex Xobeh.
  3292 | D:3      | Paralysed by an orc for 5 turns
  3395 | D:3      | Found a shadowy altar of Dithmenos.
  3503 | D:3      | Reached XP level 6. HP: 30/36 MP: 8/11
  3592 | D:3      | Noticed Sigmund
  3606 | D:3      | Killed Jessica
  3677 | D:3      | Found an opulent altar of Gozag.
  4055 | D:4      | Found a runed translucent gate.
  4070 | D:4      | Found a runed translucent gate.
  4071 | D:4      | Found a runed translucent gate.
  4071 | D:4      | Noticed kuzco6543's ghost (novice HaHu)
  4100 | D:4      | Found a blossoming altar of Fedhas.
  4230 | D:4      | Found a glowing drain.
  4235 | Sewer    | Entered a sewer
  4261 | Sewer    | Noticed a water moccasin
  4271 | Sewer    | Killed a water moccasin
  4272 | Sewer    | Reached skill level 6 in Stealth
  4444 | D:4      | Reached XP level 7. HP: 38/41 MP: 13/13
  5082 | D:4      | Reached skill level 7 in Stealth
  5200 | D:4      | Found a white marble altar of Elyvilon.
  5327 | D:4      | Noticed Robin
  5431 | D:4      | Killed Robin
  5709 | D:5      | Entered Level 5 of the Dungeon
  5728 | D:5      | Reached skill level 1 in Fighting
  5761 | D:5      | Noticed Grinder
  5780 | D:5      | Paralysed by Grinder for 3 turns
  5791 | D:5      | Found a staircase to the Ecumenical Temple.
  5797 | Temple   | Entered the Ecumenical Temple
  5811 | Temple   | Became a worshipper of Xom of Chaos
  6024 | D:5      | XOM: potion effect (invisibility)
  6025 | D:5      | XOM: potion effect (might)
  6026 | D:5      | XOM: divination: detect creatures
  6028 | D:5      | Paralysed by Grinder for 5 turns
  6035 | D:5      | Killed Grinder
  6036 | D:5      | Reached skill level 5 in Spellcasting
  6036 | D:5      | Reached XP level 8. HP: 50/50 MP: 6/15
  6858 | D:5      | XOM: divination: detect items
  7123 | D:6      | Noticed Eustachio
  7128 | D:6      | Killed Eustachio
  7129 | D:6      | Reached skill level 8 in Stealth
  7130 | D:6      | Reached XP level 9. HP: 49/58 MP: 13/17
  7228 | D:6      | XOM: divination: detect creatures
  7306 | D:6      | XOM: silly message
  7354 | D:6      | Found a glowing silver altar of Zin.
  7356 | D:6      | Found Zin's Purification Station.
  7361 | D:6      | Bought a potion of curing for 90 gold pieces
  7394 | D:6      | XOM: silly message
  7414 | D:6      | Reached skill level 9 in Stealth
  7430 | D:6      | XOM: divination: detect items
  7487 | D:6      | XOM: divination: magic mapping
  7494 | D:6      | Reached skill level 5 in Fighting
  7521 | D:6      | Found a radiant altar of Vehumet.
  7653 | D:6      | Noticed a white ugly thing
  7659 | D:6      | XOM: potion effect (magic)
  7661 | D:6      | XOM: silly message
  7672 | D:6      | XOM: cast spell 'Olgreb's Toxic Radiance'
  7677 | D:6      | XOM: confusion
  7681 | D:6      | XOM: enchant monster (bad)
  7682 | D:6      | Mangled by a white ugly thing

Illustrated notes

Levels and vault maps discovered:
D:1:      evilmike_arrival_plus, layout_loops_ring
D:2:      cheibrodos_helix_gallery, layout_loops_corners,
          okawaru_ov_weapons_minmay
D:3:      layout_loops_ring, nemelex_xobeh_ov_fountains_minmay,
          lemuel_doored_altar, grunt_gozag_breadcrumbs, uniq_sigmund,
          uniq_jessica, uniq_terence
D:4:      kennysheep_goblin_castle, layout_loops_ring, kennysheep_mini_moat,
          gammafunk_ghost_necromancy, portal_sewer_entry_e,
          fedhas_ov_isle_minmay
D:5:      kennysheep_six_static_rooms, layout_basic, minmay_temple_entry_hall,
          uniq_grinder
D:6:      cheibrodos_two_vegetables, layout_loops_ring, zin_purify,
          lemuel_coloured_pillars_altar, general_overflow_altar, uniq_menkaure,
          uniq_eustachio
Temple:   hc_temple_tempest_star

Skill      XL: |  1  2  3  4  5  6  7  8  9 |
---------------+----------------------------+-----
Stealth        | 3 4 5 6 7 8 9 |  9.1
Spellcasting   | 3 4 5 |  5.4
Ice Magic      | 5 6 |  6.9
Fighting       | 2 4 5 |  5.1
Dodging        | 3 4 |  4.4

Action                   |  1- 3 |  4- 6 |  7- 9 || total
-------------------------+-------+-------+-------++-------
Melee: Unarmed           |    19 |       |       ||    19
       Constrict         |    11 |    31 |    28 ||    70
       Tentacles         |     5 |    20 |    22 ||    47
       Short sword       |    25 |   113 |    24 ||   162
       Dagger            |       |       |   129 ||   129
 Fire: Hunting sling     |       |       |    17 ||    17
 Cast: Freeze            |    19 |    13 |     8 ||    40
       Frozen Ramparts   |       |     4 |    19 ||    23
       Ozocubu's Armour  |       |     3 |    14 ||    17
  Use: Scroll            |     1 |     9 |     2 ||    12
       Potion            |       |       |     5 ||     5
 Stab: Sleeping          |    11 |    13 |    17 ||    41
       Distracted        |       |       |     1 ||     1
Armor: Skin              |     2 |    14 |    36 ||    52
Dodge: Dodged            |    28 |    92 |    58 ||   178
